Map: Agora mauve EC

Players

Pinkrabbit

  • Race: Zerg Zerg
  • League: Silver
  • Spawn Location: 11:00

IA (très facile) - Winner!

  • Race: Zerg Zerg
  • Spawn Location: 5:00

VOD

Have the link to the VOD?

Description

Time

  • Played on: April 8, 2018, 2:34 p.m.
  • Length: 3:38
Show
View Real Time Build Order
Export as new Build Order

Pinkrabbit Zerg 

Build Orders: Pool First 

Get SALT Encoding   

  12  0:02  Drone  
  13  0:13  Overlord  
  13  0:18  Drone  
  14  0:31  Drone x2  
  14  0:35  Drone  
  17  0:41  Extractor  
  16  0:45  Drone  
  17  0:53  Spawning Pool  
  17  0:56  Drone  
  17  1:21  Hatchery  
  17  1:25  Drone  
  17  1:29  Drone  
  18  1:33  Drone  
  19  1:40  Overlord  
  19  1:52  Queen  
  21  1:59  Metabolic Boost  
  21  2:02  Drone  
  21  2:06  Drone  
  23  2:21  Baneling Nest  
  22  2:28  Queen  
  24  2:34  Zergling x4  
  24  2:35  Zergling x2  
  27  2:40  Drone  
  28  2:44  Drone  
  29  3:08  Drone  
  29  3:09  Drone x2  
  29  3:12  Overlord  
Show
View Real Time Build Order
Export as new Build Order

IA (très facile) Zerg - Winner!

Build Orders: Pool Only 

Get SALT Encoding   

  12  0:01  Drone  
  13  0:12  Overlord  
  13  0:18  Drone  
  14  0:36  Spawning Pool  
  14  0:37  Extractor  
  14  0:40  Drone  
  13  0:47  Drone  
  14  0:52  Overlord  
  14  1:23  Zergling x2, Queen  
  17  1:31  Roach Warren  
  16  1:34  Drone  
  16  1:38  Extractor  
  16  1:43  Zergling x2, Drone  
  18  1:55  Drone  
  19  2:03  Zergling x2  
  19  2:06  Drone  
  21  2:17  Drone  
  22  2:27  Drone  
  23  2:30  Overlord  
  23  2:34  Drone  
  24  2:42  Drone  
Tags
 
League
Silver
Matchup
ZvZ
Race
Zerg
Spawn Locations
Cross Positions
Add a new tag
Caveats
  • Supply blocks, unpowered buildings, or Contaminate may cause inaccurate times.
  • Supply counts are checked every 10 seconds.